[Event "GER-ch Youth-U14 2022"]
[Site "Willingen"]
[Date "2022.06.05"]
[Round "2.3"]
[White "Ermitsch, Magnus"]
[Black "Jahnz, Laurin"]
[Result "1-0"]
[ECO "B10"]
[WhiteElo "2222"]
[BlackElo "1681"]
[Annotator "TA"]
[PlyCount "141"]
[EventDate "2022.06.05"]
[EventType "swiss"]
[EventRounds "9"]
[EventCountry "GER"]
[SourceTitle "playchess.com"]
[Source "ChessBase"]
[SourceQuality "1"]
[TimeControl "40/4500+30:900+30"]

1. e4 c6 2. Nf3 d5 3. Nc3 dxe4 4. Nxe4 Nf6 5. Qe2 Nxe4 6. Qxe4 Qd5 {[%emt 0:00:00] B11: Caro-Kann: Two Knights Variation.} 7. Qf4 Qf5 8. Qe3 Qe6 {[%emt 0:00:00] The position is equal.} 9. b3 Qxe3+ 10. fxe3 Nd7 11. Bb2 Nf6 12. O-O-O {[%emt 0:00:00] [#]} Bf5 $146 ({Predecessor:} 12... g6 13. Bc4 Bg7 14. Ne5 O-O 15. a4 Ng4 16. Nxf7 Bxb2+ 17. Kxb2 Rxf7 18. Rdf1 e6 19. Rxf7 Kxf7 {0-1 (37) Reprintsev,A (2353)-Maly,A (2368) Chess.com INT 2020}) 13. Be2 e6 14. Rhf1 Be7 15. Ne5 Bd6 16. h3 {[%emt 0:04:37] White is more active.} h5 17. Nxf7 $2 Kxf7 $17 18. g4 hxg4 19. hxg4 Rh2 {[%emt 0:00:15] White must now prevent ...Be4.} 20. Bf3 {[%emt 0:04:41] [#] Against Be4} Bh7 {[%emt 0:05:31] Threatens to win with ...Kg8.} 21. g5 {[%emt 0:01:16] [#]} Ne8 (21... Nd7 $1 $17 {Strongly threatening ...Kg8.} 22. Bxc6+ Ke7 23. Bxb7 Rb8) 22. Bxc6+ $1 $15 Kg8 23. Bxb7 Rb8 24. Ba6 Nc7 25. Bc4 Rf8 (25... Be4 $15) 26. g6 $11 Bxg6 27. Rg1 Kh7 28. Bd3 Rh6 {[%emt 0:03:04][%mdl 8192] White stays focused until the end.} (28... Bxd3 $11 {and Black has nothing to worry.} 29. Rxg7+ Kh6 30. cxd3 Rc8) 29. Rxg6 $18 {[%emt 0:04:30][%mdl 64] Deflection} Rxg6 30. Rh1+ {[%emt 0:02:29][%mdl 64] Deflection} Kg8 {[%emt 0:00:03] ...Rg5 is the strong threat.} 31. Bxg6 {[%emt 0:00:21] This bishop pair is nice.} Rf2 32. Bd3 Rg2 33. Be4 Rg4 34. Bf3 Rg3 35. Be4 Rg4 $1 36. Bd3 Rg2 $1 37. Kd1 Bb4 38. c3 Bc5 39. Bh7+ Kf7 40. Be4 Rf2 41. Bc1 Ke7 42. Ke1 Rf8 43. Rg1 Ne8 44. d4 Bd6 45. Bc6 Rg8 46. e4 e5 47. d5 {[%emt 0:02:07] Hoping for Bxe8.} Nf6 48. Bg5 Rh8 49. Rg2 {[%emt 0:01:26] Prevents Rh2.} a5 50. Kd2 Rh3 51. Bb5 Bc5 (51... Kf7 $142 52. Bxf6 Kxf6) 52. Bd3 Kf7 53. Kc2 Ne8 $2 (53... Bd6 {might work better.} 54. a4 Nh5) 54. Bd2 {[%emt 0:00:00] White is clearly winning.} Nd6 55. b4 axb4 56. cxb4 Bd4 57. a4 Rh4 58. Re2 Kf6 59. a5 g5 60. b5 g4 61. Rg2 Kg6 62. Bb4 Nc8 63. d6 Kg5 64. d7 Rh8 65. dxc8=Q Rxc8+ 66. Kb3 Kf4 67. Be2 g3 68. Be1 Kxe4 69. Rxg3 Kd5 70. Bc3 Bf2 71. Rg5 {[%emt 0:00:37] Weighted Error Value: White=0.35/Black=0.32} 1-0

[Event "GER-ch Youth-U14 2022"]
[Site "Willingen"]
[Date "2022.06.05"]
[Round "2.4"]
[White "Luebke, Florentin"]
[Black "Hagner, Bennet"]
[Result "1/2-1/2"]
[ECO "B18"]
[WhiteElo "1613"]
[BlackElo "2186"]
[Annotator "TA"]
[PlyCount "100"]
[EventDate "2022.06.05"]
[EventType "swiss"]
[EventRounds "9"]
[EventCountry "GER"]
[SourceTitle "playchess.com"]
[Source "ChessBase"]
[SourceQuality "1"]
[TimeControl "40/4500+30:900+30"]

1. e4 c6 2. d4 d5 3. Nc3 dxe4 4. Nxe4 Bf5 5. Ng3 Bg6 6. Nh3 Nf6 $1 {[%emt 0:00:00][%cal Oc6c5][%mdl 4] is more profitable than 6...e6 at the moment. B18: Classical Caro-Kann: 4...Bf5 sidelines.} 7. Bc4 e5 {[%emt 0:00:00] Inhibits Nf4.} (7... e6 $11) 8. dxe5 $16 Qa5+ (8... Qxd1+ $142 9. Kxd1 Nh5) 9. c3 (9. Kf1 $16 Nd5 10. Qe2) 9... Qxe5+ $14 10. Qe2 {[%emt 0:00:00] [#]} ({Better is} 10. Kf1 $1 $14) 10... Qxe2+ $146 ({Predecessor:} 10... Nbd7 11. Nf4 Bc5 12. Nxg6 hxg6 13. Bf4 Qxe2+ 14. Bxe2 O-O-O 15. Rd1 Nd5 16. Bc1 N7f6 {½-½ (72) Drozdowski,K (2478)-Cernousek,L (2464) Ceske Budejovice 2017}) 11. Kxe2 Bc5 12. Re1 O-O $36 {[%emt 0:02:53][%cal Bh8f8,Bf8e8,Be8e7][%mdl 2080] Black has some pressure.} 13. Ng5 (13. Kf1 $11 {remains equal.}) 13... b5 $17 14. Bb3 Re8+ 15. Be3 Ng4 16. Nf1 Na6 17. Rac1 Re7 18. h3 Nxe3 19. fxe3 Rae8 20. Kf2 Bb6 21. Bc2 Bxc2 22. Rxc2 Nc5 23. Rd1 {[%emt 0:01:59] Inhibits Nd3+.} f5 {[%emt 0:01:53][%cal Of5f4] White must now prevent ...f4!} 24. g3 g6 25. Nf3 Ne4+ 26. Kg2 a6 27. c4 b4 28. Re2 (28. c5 $142 Nxc5 29. Rd6) 28... Bc5 29. Rd3 Nd6 30. Nd4 Nxc4 31. Nxc6 Re4 ({Much worse is} 31... Nxe3+ 32. Kf3 Rc7 33. Nxb4 Bxb4 34. Nxe3 $11) 32. b3 Nb6 (32... Nxe3+ $15 33. Nxe3 Bxe3) 33. Rc2 $11 Bf8 34. Kf2 Rc8 35. Nd2 Re6 36. Nd4 {[%emt 0:00:11] [#] Hoping for Rxc8. Pair of Knights!} Rxc2 37. Nxc2 Rc6 38. Nd4 Rc8 39. Kf3 Bh6 40. e4 ({White should play} 40. Ne2 $11) 40... Bxd2 (40... Nd7 $1 $15 41. Nc6 Rxc6 42. Rxd7 Rc3+ 43. Kf2 Be3+ 44. Kf1 Bxd2 45. Rxd2 Rxg3 46. exf5 Rf3+ 47. Kg2 Rxf5) 41. Rxd2 $15 {[%emt 0:00:00][%mdl 4096] Endgame KRN-KRN} Rc3+ 42. Kf4 fxe4 43. Nc2 Rd3 44. Re2 a5 45. Ne3 Nd7 46. Kxe4 Nc5+ 47. Kf4 Kf7 48. Rc2 Ne6+ 49. Ke4 Rd8 50. h4 {[%emt 0:00:00] Prevents Ng5+.} Ke7 {[%emt 0:04:00] Weighted Error Value: White=0.21 (precise) /Black=0.16 (very precise)} ({Black should try} 50... Kg7 $11) 1/2-1/2

[Event "GER-ch Youth-U14 2022"]
[Site "Willingen"]
[Date "2022.06.05"]
[Round "2.5"]
[White "Besou, Hussain"]
[Black "Chinguun Sundui"]
[Result "1-0"]
[ECO "B38"]
[WhiteElo "2094"]
[BlackElo "1731"]
[Annotator "TA"]
[PlyCount "81"]
[EventDate "2022.06.05"]
[EventType "swiss"]
[EventRounds "9"]
[EventCountry "GER"]
[SourceTitle "playchess.com"]
[Source "ChessBase"]
[SourceQuality "1"]
[TimeControl "40/4500+30:900+30"]

1. e4 c5 2. Nf3 g6 3. d4 cxd4 4. Nxd4 Bg7 5. c4 Nc6 6. Be3 d6 7. Nc3 Nf6 8. Be2 O-O 9. O-O Bd7 10. Rc1 Nxd4 11. Bxd4 Bc6 12. f3 a5 13. Nd5 Nd7 {[%emt 0:00:00] B38: Sicilian: Maroczy Bind with 5...Bg7 and 7...0-0.} 14. Bxg7 Kxg7 15. Qd4+ Kg8 {[%emt 0:00:00] The position is equal.} (15... e5 $5 16. Qe3 f5 $11) 16. Rfd1 Nc5 17. b3 {[%emt 0:03:26] [#]} Rb8 $146 (17... e5 $5 18. Qe3 Rc8 $11) ({Predecessor:} 17... Bxd5 18. cxd5 Qb6 19. Rc4 Rfc8 20. Rdc1 Qd8 21. f4 b5 22. R4c3 b4 23. Rc4 a4 24. Rxb4 axb3 25. axb3 {0-1 (49) Bemporad,F (2046)-Manfredi,V (2230) Milan 2012}) 18. Qe3 Bxd5 19. Rxd5 Nd7 (19... Qb6 $11 {keeps the balance.}) 20. c5 {[%emt 0:03:05] 0x0.0020797e2068dp-1022s more active pieces. The black rooks are badly placed.} (20. Rcd1 $16) 20... Nf6 (20... Rc8 $11) 21. Rdd1 $36 {[%emt 0:00:27][%mdl 2048] White has the initiative.} d5 22. e5 Ne8 23. e6 {[%emt 0:00:06] Threatens to win with exf7+.} Nc7 (23... Ng7 $14) 24. exf7+ $16 Rxf7 25. Qc3 Ra8 26. a3 e6 27. b4 axb4 28. axb4 Ra2 {[%emt 0:00:42] [#]} 29. Bc4 Rxg2+ {[%emt 0:06:20] This move loses the game for Black.} 30. Kxg2 $18 Qg5+ 31. Kh1 dxc4 32. Qxc4 Nd5 33. Qe4 Nf4 {[%emt 0:05:47][%csl Gf4][%cal Rg5g2] [#]} 34. Rg1 {[%emt 0:00:07][%cal Bd1g1,Bg1g4,Bg4d4,Bd4d8,Bd8h8][%mdl 32] Prevents Qg2+.} Qh5 35. Rg4 ({Less strong is} 35. c6 bxc6 36. Rxc6 (36. Qxc6 Nd5 $18) 36... Kg7 $18) 35... e5 (35... Qf5 $142 36. Qxf5 Rxf5) 36. b5 Nh3 {[%emt 0:01:52] And now ...Nf2+ would win.} 37. Rf1 {[%emt 0:01:19] Prevents Nf2+.} g5 38. Qxe5 h6 39. Rd4 Nf4 40. Rd8+ Kh7 41. Rh8+ {[%emt 0:15:16] Weighted Error Value: White=0.12 (very precise) /Black=0.74} 1-0

[Event "GER-ch Youth-U14 2022"]
[Site "Willingen"]
[Date "2022.06.05"]
[Round "2.6"]
[White "Braeutigam, Alexander"]
[Black "Haubold, Christian Lucas"]
[Result "1/2-1/2"]
[ECO "E71"]
[WhiteElo "1749"]
[BlackElo "1921"]
[Annotator "TA"]
[PlyCount "73"]
[EventDate "2022.06.05"]
[EventType "swiss"]
[EventRounds "9"]
[EventCountry "GER"]
[SourceTitle "playchess.com"]
[Source "ChessBase"]
[SourceQuality "1"]
[TimeControl "40/4500+30:900+30"]

1. d4 Nf6 2. c4 g6 3. Nc3 Bg7 4. e4 d6 5. h3 O-O 6. Nf3 e5 7. d5 a5 8. g4 Na6 9. Be3 Nd7 {[%emt 0:00:00][%cal Bf6d7,Bd7c5,Bc5b3,Bb3a1][%mdl 32] E90: King's Indian: Classical: Early deviations and 6 h3.} 10. Qc2 (10. a3 $11) 10... Ndc5 (10... f5 $5) 11. Rg1 {[%emt 0:00:00] [#]} Kh8 $146 ({Predecessor:} 11... c6 12. a3 Bd7 13. O-O-O cxd5 14. Rxd5 Bc6 15. Rd1 b6 16. Be2 Qe7 17. h4 Nc7 {0-1 (40) Zhao,C (2398)-Silich,Y (2194) Moscow 2020}) 12. Bg5 f6 13. Bh4 (13. Be3 $15) 13... Nb4 14. Qb1 c6 (14... a4 $17) 15. a3 $11 Nb3 16. axb4 Nxa1 17. Qxa1 {[%emt 0:00:18] Threatens to win with b5.} Bxg4 $1 18. hxg4 axb4 19. Na4 {[%emt 0:00:21] Hoping for b3.} Qa5 20. dxc6 b3+ 21. Kd1 (21. Nd2 $1 $11 bxc6 22. Rg3 $1) 21... bxc6 $15 22. Nd2 Qb4 $1 $17 {[%emt 0:01:32] Strongly threatening ...Bh6.} 23. Qa3 Qxa3 {[%emt 0:01:39][%mdl 64] Remove Defender} ({Stronger than} 23... Rxa4 24. Qxb4 Rxb4 25. Ke2 $11) (23... Qxa4 24. Qxa4 Rxa4 25. Bd3 $15) 24. bxa3 {[%emt 0:01:00] And now Nc3 would win.} Rxa4 25. Nb1 d5 {[%emt 0:02:05] ...g5 is the strong threat.} 26. exd5 (26. Kc1 $17) 26... cxd5 $19 27. cxd5 Rc8 {[%emt 0:01:02] Inhibits Nc3.} 28. Bd3 $2 (28. Rg3 g5 29. Bxg5 fxg5 30. Rxb3) 28... e4 29. Bb5 Rd4+ 30. Ke2 b2 $2 (30... Rc2+ $19 {and Black stays clearly on top.} 31. Ke3 Rxd5) 31. Bc6 $17 g5 32. Bg3 Rc4 ({Better is} 32... h5 $15) 33. Rd1 {[%emt 0:03:53] [#]} f5 $1 34. gxf5 {[%emt 0:01:14] [#]} Rc2+ $1 35. Rd2 Rc1 36. Rd1 Rc2+ (36... h5 $1 $15) 37. Rd2 $1 {Weighted Error Value: White=0.32/Black=0.36} 1/2-1/2

[Event "GER-ch Youth-U14 2022"]
[Site "Willingen"]
[Date "2022.06.05"]
[Round "2.7"]
[White "Honisch, Alexander"]
[Black "Huber, Benedikt"]
[Result "1/2-1/2"]
[ECO "C88"]
[WhiteElo "1878"]
[BlackElo "2288"]
[Annotator "TA"]
[PlyCount "60"]
[EventDate "2022.06.05"]
[EventType "swiss"]
[EventRounds "9"]
[EventCountry "GER"]
[SourceTitle "playchess.com"]
[Source "ChessBase"]
[SourceQuality "1"]
[TimeControl "40/4500+30:900+30"]

1. e4 e5 2. Nf3 Nc6 3. Bb5 a6 4. Ba4 Nf6 5. O-O Be7 6. Re1 b5 7. Bb3 d6 8. c3 Nb8 {[%emt 0:00:00] C90: Closed Ruy Lopez with 7...d6: Early deviations.} (8... O-O $11) 9. d4 $14 Nbd7 {[%emt 0:00:00] [#]} (9... Nc6 $142) 10. Nbd2 ({Better is} 10. Bxf7+ $1 $16 Kxf7 11. Qb3+ d5 12. Ng5+ (12. exd5 Ke8 $16) 12... Kg8 13. Ne6) 10... O-O $11 {[%emt 0:00:00] White has an edge.} 11. Nf1 Bb7 12. Ng3 h6 {[%emt 0:00:00] [#]} (12... c5 $14) 13. a4 (13. Nf5 $1 $16) 13... Re8 $14 14. Bc2 Bf8 {[%emt 0:01:20] [#]} 15. Bd3 $146 ({Predecessor:} 15. h3 Rb8 16. Nh2 d5 17. exd5 exd4 18. Rxe8 Qxe8 19. axb5 axb5 20. cxd4 Bxd5 21. Bf4 {0-1 (39) Seres,B (2239)-Birinyi,I (2081) Budapest 2011}) 15... Rb8 (15... d5 $11) 16. Bd2 Ba8 17. Qc2 g6 18. axb5 axb5 19. Ra7 {[%emt 0:00:30] White is more active.} (19. b4 $16) 19... c5 $11 20. b3 {[%emt 0:09:52] Against c4} Qb6 21. Qa2 cxd4 22. cxd4 ({Of course not} 22. b4 dxc3 23. Bxc3 (23. Be3 $2 Qd8 $19) 23... d5 $17) 22... exd4 23. Ra6 {[%emt 0:01:41][%mdl 64] Deflection} Qd8 {[%emt 0:01:24] aiming for ...Nc5.} 24. Nxd4 Nc5 25. Bxb5 Rxb5 (25... Nxa6 {is more complex.} 26. Bxe8 Qb6 27. Bb5 Qxd4 28. Bxa6 Nxe4 29. Nxe4 Bxe4 30. Be3 Qc3) 26. Rxa8 {[%emt 0:08:23] The position is equal.} Qxa8 27. Qxa8 Rxa8 28. Nxb5 Nxb3 29. Bf4 Nc5 {[%emt 0:03:25] And now ...Nd3 would win.} 30. Bxd6 Ncxe4 {[%emt 0:01:39] Weighted Error Value: White=0.21 (precise) /Black=0.18 (very precise)} 1/2-1/2

[Event "GER-ch Youth-U14 2022"]
[Site "Willingen"]
[Date "2022.06.05"]
[Round "2.8"]
[White "Klaska, Philipp Leon"]
[Black "Mader, Fabian"]
[Result "1/2-1/2"]
[ECO "B33"]
[WhiteElo "1946"]
[BlackElo "1652"]
[Annotator "TA"]
[PlyCount "115"]
[EventDate "2022.06.05"]
[EventType "swiss"]
[EventRounds "9"]
[EventCountry "GER"]
[SourceTitle "playchess.com"]
[Source "ChessBase"]
[SourceQuality "1"]
[TimeControl "40/4500+30:900+30"]

1. e4 c5 2. Nf3 Nc6 3. d4 cxd4 4. Nxd4 Nf6 5. Nc3 e5 6. Ndb5 d6 7. Bg5 a6 8. Na3 b5 9. Nd5 Be7 10. Bxf6 Bxf6 11. c3 Bg5 12. Be2 O-O 13. Nc2 Be6 {[%emt 0:00:00] is the legacy move (13...Ne7).} 14. Nce3 {[%emt 0:04:23] B33: Sicilian: Pelikan and Sveshnikov Variations.} Bxe3 15. Nxe3 Ne7 16. Bf3 Ra7 17. O-O Kh8 18. a4 {[%emt 0:05:27] Strongly threatening axb5.} bxa4 19. Rxa4 {[%emt 0:07:40] [#]} g6 $146 (19... a5 $14) ({Predecessor:} 19... f5 20. exf5 Nxf5 21. Nxf5 Rxf5 22. Bg4 Rf6 23. Bxe6 Rxe6 24. Qd5 Rh6 25. Rfa1 Qb6 26. Qc4 Rf6 {1-0 (26) Langner,J (1824)-Palasek,J (1647) Havirov 2008}) 20. Qd3 $16 Qb6 21. Rfa1 Rfa8 22. Be2 (22. Ra5 $142) 22... a5 (22... Qxb2 $2 23. Rb1 Qxb1+ 24. Qxb1 $18) 23. Qd2 Bb3 24. R4a3 Nc8 25. Bc4 Bxc4 26. Nxc4 Qc7 27. Ne3 {[%emt 0:01:12] White is more active.} (27. Qh6 {with more complications.} Ne7 28. Ra4 d5 29. exd5 Nxd5 30. Rxa5 Rxa5 31. Rxa5 Rb8 32. Rxd5 Qxc4 33. Qd2) 27... Nb6 28. Nd5 (28. h4 $16) 28... Nxd5 $11 29. Qxd5 a4 30. Rd1 Ra6 31. Rd2 Rb8 32. Qa2 {[%emt 0:03:07] [#]} Rb4 $1 33. Qb1 (33. Qd5 Rbb6) 33... Rc4 34. Rd5 (34. h3 $11) 34... Rb6 $1 $17 {[%emt 0:10:28][%cal Oc4c3] ...Rxc3! is the strong threat.} 35. Qc2 Qb7 $1 36. h3 $2 (36. Ra2 $17 {is tougher.}) 36... Rxb2 $19 37. Qd3 {[%emt 0:00:07] [#]} Qc6 (37... Qb6 $142 $1 38. Qe3 Qxe3 39. fxe3 Rxe4) 38. f3 (38. Rxd6 Qxe4 39. Qxe4 Rxe4 40. Rd1) 38... Rb3 $2 (38... Qb6+ 39. Rd4 d5 40. exd5 exd4 41. Qxc4 Rb1+ 42. Kf2 dxc3+ 43. Kg3 Qd6+ 44. Kh4 Qxa3) 39. Rxb3 axb3 40. Rxd6 {[%emt 0:00:28][%mdl 4096] Endgame KQR-KQR} Qc5+ 41. Kh2 Rxc3 42. Qa6 (42. Qd5) 42... Kg7 $2 (42... Qe3 43. Rf6 Kg7) 43. Rd7 $2 (43. Qb6) 43... Qc6 $2 (43... Qe3 44. Rd1 b2) 44. Qxc6 Rxc6 {[%emt 0:00:00] KR-KR} 45. Rb7 Rc3 46. Kg3 Kf6 47. Kh2 $2 (47. h4) 47... Ke6 48. Kg3 Kd6 49. Kg4 Kc6 50. Rb8 Kc5 51. Kg5 Kd4 52. Kf6 Rc6+ 53. Kxf7 {[%emt 0:00:00] [#]} Kc3 $2 (53... Kc4 $1 $19 54. Kg7 Rc7+ 55. Kh6 Kc3) 54. f4 $1 $11 {[%emt 0:00:00] The position is equal.} Kd4 (54... Rc5 $5 55. Kf6 Rc6+ 56. Kf7 (56. Kxe5 b2 $11) 56... exf4 $11) 55. fxe5 Kxe5 56. Rxb3 Rc7+ 57. Kg8 Kxe4 58. Rb4+ {[%emt 0:02:59] Weighted Error Value: White=0.85/Black=0.61} 1/2-1/2

[Event "GER-ch Youth-U14 2022"]
[Site "Willingen"]
[Date "2022.06.05"]
[Round "2.9"]
[White "Sinka, Silas"]
[Black "Udelnov, Valentin"]
[Result "0-1"]
[ECO "E71"]
[WhiteElo "1386"]
[BlackElo "1901"]
[Annotator "TA"]
[PlyCount "104"]
[EventDate "2022.06.05"]
[EventType "swiss"]
[EventRounds "9"]
[EventCountry "GER"]
[SourceTitle "playchess.com"]
[Source "ChessBase"]
[SourceQuality "1"]
[TimeControl "40/4500+30:900+30"]

1. d4 Nf6 2. c4 g6 3. Nc3 Bg7 4. e4 d6 5. h3 O-O 6. Nf3 e5 7. d5 Na6 8. Be3 Nc5 9. Nd2 c6 10. g4 cxd5 11. cxd5 a5 12. Be2 Bd7 {[%emt 0:01:43] E92: King's Indian: Classical: 6 Be2 e5: 7 dxe5, 7 Be3 and Petrosian System without 7...Nbd7.} 13. h4 {[%emt 0:00:00] has lost popularity (13.g5).} b5 14. g5 b4 {[%emt 0:04:01] White is slightly better.} 15. gxf6 bxc3 16. fxg7 cxd2+ 17. Qxd2 Re8 {[%emt 0:00:29] [#]} (17... Kxg7 $16 18. Bxc5 dxc5) 18. Bf3 $146 (18. Bxc5 $18 dxc5 19. h5) ({Predecessor:} 18. f3 h5 19. Bxc5 dxc5 20. Qh6 f6 21. Rg1 Kf7 22. d6 Be6 23. Qxg6+ Kg8 24. Rd1 Ra7 25. Qh6 {1-0 (25) Parvanyan,A (2436)-Taichman,O (2285) Chess.com INT 2021}) 18... Qf6 $11 19. Bg2 Rec8 (19... Rab8 $5 20. Bxc5 dxc5 $14) 20. h5 Qxg7 21. hxg6 fxg6 22. Bxc5 (22. Rc1 $14) 22... Rxc5 $15 23. Rc1 Rac8 (23... Rxc1+ $15 24. Qxc1 Rf8) 24. Rxc5 $11 Rxc5 25. Bh3 (25. O-O $11 {keeps the balance.}) 25... Bxh3 ({Black should play} 25... Qf7 $17 {Strongly threatening ...Qf3.} 26. Bg2 Bb5) 26. Rxh3 $17 {[%emt 0:00:07][%mdl 4096] Endgame KQR-KQR} Qc7 27. Kd1 {[%emt 0:04:27] Prevents Rc1+.} (27. Rc3 $11) 27... Rc4 (27... Qd7 $17 28. Rc3 Qg4+ 29. f3 Qg1+ 30. Kc2 Kg7) 28. Rc3 $11 Rxc3 (28... Kg7 {is interesting.} 29. Qg5 Rxc3 30. bxc3 Qd7) 29. bxc3 {[%emt 0:00:09] KQ-KQ} Qc4 30. Qe3 Qxa2 31. Qb6 {[%emt 0:00:26] Against Qb1+} Qa4+ 32. Kd2 Qxe4 33. Qxd6 Qf5 34. Ke1 a4 35. Qc5 Qe4+ 36. Kd2 a3 {[%emt 0:01:32] [#] Hoping for ...a2.} 37. d6 a2 38. d7 $2 {[%emt 0:00:59] Loses the game.} (38. Qa5 $11) 38... Qf4+ $19 39. Qe3 {[%emt 0:00:07] Intending Qxf4 and mate.} Qf6 40. Qa7 a1=Q 41. Qxa1 {[%emt 0:19:14] [#] Qa8+ is the strong threat.} Qxf2+ 42. Kd1 Qf1+ 43. Kd2 Qf4+ ({Not} 43... Qxa1 44. d8=Q+ Kg7 45. Qd7+ Kg8 46. Qd5+ Kf8 47. Qd8+ Kg7 48. Qd7+ Kh8 49. Qd8+ Kg7 $11) 44. Kd3 Qf5+ 45. Kc4 $2 (45. Kd2 Qxd7+ 46. Ke3) 45... Qxd7 46. Qa8+ Kg7 47. Qd5 Qxd5+ {[%emt 0:00:00] Black mates.} 48. Kxd5 e4 49. Kxe4 Kf6 50. Kd5 Ke7 51. Kc6 h5 52. Kb6 h4 {[%emt 0:00:00] Weighted Error Value: White=0.50/Black=0.16 (very precise)} 0-1

[Event "GER-ch Youth-U14 2022"]
[Site "Willingen"]
[Date "2022.06.05"]
[Round "2.10"]
[White "Möller, Maurin"]
[Black "Schreidl, Michael"]
[Result "1-0"]
[ECO "C55"]
[WhiteElo "1780"]
[BlackElo "1614"]
[Annotator "NA RC COMBH"]
[PlyCount "49"]
[EventDate "2022.06.05"]
[EventType "swiss"]
[EventRounds "9"]
[EventCountry "GER"]
[SourceTitle "playchess.com"]
[Source "ChessBase"]
[SourceQuality "1"]
[TimeControl "40/4500+30:900+30"]

1. e4 e5 2. Nf3 Nc6 3. d4 exd4 4. Bc4 Nf6 5. O-O d6 6. Nxd4 Ne5 7. Bb3 Be7 8. f4 Ned7 9. c3 Nc5 10. e5 Bg4 11. Qe1 Nh5 12. h3 Bh4 13. Qe3 Be6 14. f5 Bxb3 15. exd6+ Kf8 16. axb3 Qxd6 17. b4 Nd7 18. Qf3 Nhf6 19. Bf4 Ne5 20. Qxb7 Re8 21. g3 g5 22. fxg6 hxg6 23. Ra6 Qe7 24. gxh4 Nh5 25. Ne6+ 1-0

[Event "GER-ch Youth-U14 2022"]
[Site "Willingen"]
[Date "2022.06.05"]
[Round "2.11"]
[White "Goldinov, Daniel"]
[Black "Haubold, Sebastian Marcel"]
[Result "0-1"]
[ECO "C29"]
[WhiteElo "1626"]
[BlackElo "1869"]
[Annotator "NA RC COMBH"]
[PlyCount "84"]
[EventDate "2022.06.05"]
[EventType "swiss"]
[EventRounds "9"]
[EventCountry "GER"]
[SourceTitle "playchess.com"]
[Source "ChessBase"]
[SourceQuality "1"]
[TimeControl "40/4500+30:900+30"]

1. e4 e5 2. Nc3 Nf6 3. f4 d5 4. fxe5 Nxe4 5. Qf3 Nxc3 6. bxc3 c5 7. Qg3 Bf5 8. Bb5+ $11 Nc6 (8... Nd7 $1 $11) 9. d3 d4 10. Ne2 Bg6 11. O-O dxc3 12. Qf3 Qd7 13. Be3 Be7 14. Nxc3 Rc8 15. Ne4 a6 16. Bxc6 Qxc6 17. Bg5 Bxg5 18. Nxg5 O-O 19. Rae1 Qxf3 20. Nxf3 Rfe8 21. Nh4 Rcd8 22. Rf4 Re6 23. Nxg6 hxg6 24. Kf2 Rd5 25. Rfe4 Kf8 26. R1e3 Ke7 27. c3 Rb6 28. d4 cxd4 29. cxd4 Rb4 30. Rd3 Ra5 31. Rd2 Rba4 32. Ree2 Ke6 33. Ke3 f6 34. exf6 gxf6 35. Rb2 b5 36. Rec2 Rc4 37. Kd3 Kd5 38. Rxc4 bxc4+ 39. Kc3 Ra3+ 40. Kb4 Rd3 41. Ka5 Kxd4 42. Kxa6 c3 0-1

[Event "GER-ch Youth-U14 2022"]
[Site "Willingen"]
[Date "2022.06.05"]
[Round "2.12"]
[White "Deschler, Arne"]
[Black "Linnemann, Caspar"]
[Result "1/2-1/2"]
[ECO "B84"]
[WhiteElo "1646"]
[BlackElo "1720"]
[Annotator "NA RC COMBH"]
[PlyCount "50"]
[EventDate "2022.06.05"]
[EventType "swiss"]
[EventRounds "9"]
[EventCountry "GER"]
[SourceTitle "playchess.com"]
[Source "ChessBase"]
[SourceQuality "1"]
[TimeControl "40/4500+30:900+30"]

1. e4 c5 2. Nf3 d6 3. d4 cxd4 4. Nxd4 Nf6 5. Nc3 a6 6. Be2 e6 7. f4 Qc7 8. g4 h6 9. Be3 Be7 10. Bf3 Nc6 11. Qe2 Bd7 12. g5 hxg5 13. fxg5 Nh7 14. h4 Ne5 15. O-O-O O-O-O 16. Nf5 Bf8 17. Nd4 Kb8 18. Bg4 Be7 19. Rhf1 Rc8 20. Nb3 Nf8 21. Bf2 Nfg6 22. Qe3 Nc6 23. Bg3 Nce5 24. Bf2 Nc6 25. Bg3 Nce5 1/2-1/2